 Dungeon Crawl Stone Soup version 0.23.2-33-g5129a83184 (webtiles) character file.

Game seed: 9513259598855818341

768 troglodite the Charmwright (level 7, 0/56 HPs)
             Began as a Gnoll Skald on July 17, 2019.
             Slain by a scorpion (2 damage)
             ... on level 5 of the Dungeon.
             The game lasted 00:14:09 (4413 turns).

troglodite the Charmwright (Gnoll Skald)            Turns: 4413, Time: 00:14:10

Health: 0/56       AC:  7    Str: 13    XL:     7   Next: 82%
Magic:  15/15      EV: 12    Int: 16    God:
Gold:   242        SH:  8    Dex: 16    Spells: 10/17 levels left

rFire    + . .     SeeInvis .   a - +0 spear
rCold    . . .     Gourm    .   i - +0 shield
rNeg     . . .     Faith    .   b - +0 leather armour
rPois    .         Spirit   .   p - +0 helmet
rElec    .         Reflect  .   (no cloak)
rCorr    .         Harm     .   l - +0 pair of gloves
MR       .....                  u - +0 pair of boots
Stlth    ++........             t - amulet of regeneration
HPRegen  0.58/turn              n - ring of protection from fire
MPRegen  0.14/turn              (no ring)

@: no status effects
A: distributed training, fangs 1, strong nose
a: no special abilities


You were on level 5 of the Dungeon.
You were not hungry.

You visited 2 branches of the dungeon, and saw 6 of its levels.

You collected 242 gold pieces.

Inventory:

Hand Weapons
 a - a +0 spear (weapon)
Armour
 b - a +0 leather armour (worn)
 i - a +0 shield (worn)
 l - a +0 pair of gloves (worn)
 p - a +0 helmet (worn)
 u - a +0 pair of boots (worn)
Jewellery
 c - an uncursed ring of poison resistance {unknown}
 n - a ring of protection from fire (left hand)
 q - an uncursed ring of protection from cold
 t - an amulet of regeneration (around neck)
Scrolls
 f - 7 scrolls of identify {unknown}
 h - 3 scrolls of remove curse {unknown}
 k - a scroll of amnesia {unknown}
 m - a scroll of random uselessness {unknown}
 o - 2 scrolls of teleportation {unknown}
 r - a scroll of immolation {unknown}
 x - a scroll of blinking {unknown}
Potions
 e - 4 potions of curing {unknown}
 g - a potion of resistance {unknown}
 j - a potion of flight {unknown}
 s - 3 potions of agility {unknown}
 v - a potion of mutation {unknown}
 w - a potion of haste {unknown}
 z - a potion of heal wounds {unknown}
 B - a potion of degeneration {unknown}
Comestibles
 d - 7 rations
 A - 6 chunks of flesh


   Skills:
 + Level 5.3 Fighting
 + Level 2.6 Short Blades
 + Level 2.6 Long Blades
 + Level 2.6 Axes
 + Level 2.6 Maces & Flails
 + Level 5.3 Polearms
 + Level 2.6 Staves
 + Level 2.6 Slings
 + Level 2.6 Bows
 + Level 2.6 Crossbows
 + Level 2.6 Throwing
 + Level 3.7 Armour
 + Level 5.3 Dodging
 + Level 2.6 Stealth
 + Level 2.6 Shields
 + Level 2.6 Unarmed Combat
 + Level 5.7 Spellcasting
 + Level 2.1 Conjurations
 + Level 2.1 Hexes
 + Level 5.9 Charms
 + Level 2.1 Summonings
 + Level 2.1 Necromancy
 + Level 2.1 Translocations
 + Level 2.1 Transmutations
 + Level 2.1 Fire Magic
 + Level 2.1 Ice Magic
 + Level 2.1 Air Magic
 + Level 2.1 Earth Magic
 + Level 2.1 Poison Magic
 + Level 3.0 Invocations
 + Level 2.6 Evocations


You had 10 spell levels left.
You knew the following spells:

 Your Spells              Type           Power        Failure   Level  Hunger
a - Infusion              Chrm           ###.         8%          1    None
b - Spectral Weapon       Hex/Chrm       ###.....     45%         3    ##.....
c - Regeneration          Chrm/Necr      ###.......   45%         3    ##.....

Your spell library contained the following spells:

 Spells                   Type           Power        Failure   Level  Hunger
 Song of Slaying          Chrm           ###.....     12%         2    #......
 Shroud of Golubria       Chrm/Tloc      ###.......   26%         2    #......


Dungeon Overview and Level Annotations

Branches:
Dungeon (5/15)             Temple (1/1) D:5

Altars:
Dithmenos
Elyvilon
Fedhas
Gozag
Hepliaklqana
Kikubaaqudgha
Okawaru
Qazlal
Sif Muna
Trog
Uskayaw
Vehumet
Wu Jian
Xom
Yredelemnul
The Shining One
Lugonu


Innate Abilities, Weirdness & Mutations

Your experience applies equally to all skills.
You have very sharp teeth.
Your uncanny sense of smell can sniff out nearby items.


Message History

You bite the scorpion, but do no damage.
The scorpion is almost dead.
You block something's attack.
The scorpion stings you but does no damage.
Unknown command.
You hit the scorpion but do no damage.
The scorpion is almost dead.
You block something's attack. You block the scorpion's attack.
Unknown command.
You hit the scorpion but do no damage.
The scorpion is almost dead.
Something hits you.
* * * LOW HITPOINT WARNING * * *
Something shocks you.
* * * LOW HITPOINT WARNING * * *
The scorpion closely misses you.
You hit the scorpion but do no damage.
The scorpion is almost dead.
Something hits you but does no damage. The scorpion stings you.
You die...

...#...............
.⌠...#.............
...#...............
.#..........###
............#####
#......<...#....#
...........#....#
...........#....########
.#.........#...≈@.......
.#.....#.......{s.......
.[............≈.........
........................
........................
..÷......###............
...#########.........$..
.)))......##............
.)........#


You could see a scorpion.

Vanquished Creatures
  2 ogres
  A scorpion (D:4)
  A bullfrog zombie (D:5)
  2 hounds (D:4)
  4 orc wizards
  A centaur skeleton (D:4)
  A gnoll shaman (D:5)
  An orc priest (D:3)
  A worker ant (D:4)
  A hound skeleton (D:5)
  Robin (D:2)
  3 gnolls (D:5)
  5 adders
  2 oozes
  An adder zombie (D:5)
  2 worms
  3 dart slugs
  5 leopard geckos
  18 orcs
  4 giant cockroaches
  22 goblins
  8 hobgoblins
  6 jackals
  6 kobolds
  A ball python (D:2)
  5 bats
  6 frilled lizards
  4 rats (D:1)
117 creatures vanquished.

Notes
Turn   | Place    | Note
-------+----------+-------------------------------------------
     0 | D:1      | troglodite the Gnoll Skald began the quest for the Orb.
     0 | D:1      | Reached XP level 1. HP: 20/20 MP: 6/6
   124 | D:1      | Reached XP level 2. HP: 17/26 MP: 7/7
   358 | D:1      | Reached XP level 3. HP: 25/31 MP: 9/9
   390 | D:1      | Reached skill level 5 in Spellcasting
   407 | D:1      | Learned a level 3 spell: Spectral Weapon
   411 | D:1      | Learned a level 3 spell: Regeneration
   607 | D:1      | Reached skill level 1 in Invocations
   783 | D:2      | Noticed Robin
   854 | D:2      | Killed Robin
   854 | D:2      | Reached skill level 1 in Short Blades
   854 | D:2      | Reached skill level 1 in Long Blades
   854 | D:2      | Reached skill level 1 in Axes
   854 | D:2      | Reached skill level 1 in Maces & Flails
   854 | D:2      | Reached skill level 1 in Staves
   854 | D:2      | Reached skill level 1 in Slings
   854 | D:2      | Reached skill level 1 in Bows
   854 | D:2      | Reached skill level 1 in Crossbows
   854 | D:2      | Reached skill level 1 in Throwing
   854 | D:2      | Reached skill level 1 in Stealth
   854 | D:2      | Reached skill level 1 in Shields
   854 | D:2      | Reached skill level 1 in Unarmed Combat
   854 | D:2      | Reached skill level 1 in Evocations
   854 | D:2      | Reached XP level 4. HP: 19/38 MP: 11/11
  1401 | D:2      | Reached skill level 1 in Conjurations
  1401 | D:2      | Reached skill level 1 in Hexes
  1401 | D:2      | Reached skill level 1 in Summonings
  1401 | D:2      | Reached skill level 1 in Necromancy
  1401 | D:2      | Reached skill level 1 in Translocations
  1401 | D:2      | Reached skill level 1 in Transmutations
  1401 | D:2      | Reached skill level 1 in Fire Magic
  1401 | D:2      | Reached skill level 1 in Ice Magic
  1401 | D:2      | Reached skill level 1 in Air Magic
  1401 | D:2      | Reached skill level 1 in Earth Magic
  1401 | D:2      | Reached skill level 1 in Poison Magic
  1657 | D:2      | Found a glowing golden altar of the Shining One.
  1670 | D:2      | Reached XP level 5. HP: 40/43 MP: 12/12
  1999 | D:3      | Found a shimmering altar of Xom.
  2102 | D:3      | Found a hazy altar of Hepliaklqana.
  2197 | D:3      | Reached XP level 6. HP: 37/50 MP: 9/13
  2359 | D:3      | Found a white marble altar of Elyvilon.
  2418 | D:3      | Found an iron altar of Okawaru.
  2496 | D:3      | Found a stormy altar of Qazlal.
  2972 | D:4      | Reached skill level 5 in Fighting
  2972 | D:4      | Reached skill level 5 in Polearms
  2972 | D:4      | Reached skill level 5 in Dodging
  3018 | D:4      | HP: 2/51 [orc/+0 hand axe (7)]
  3154 | D:4      | Reached XP level 7. HP: 36/56 MP: 15/15
  3369 | D:4      | Found a deep blue altar of Sif Muna.
  3369 | D:4      | Found a radiant altar of Vehumet.
  3369 | D:4      | Found a hide-covered altar of Uskayaw.
  3686 | D:4      | Found an ornate altar of the Wu Jian Council.
  3961 | D:5      | Entered Level 5 of the Dungeon
  4233 | D:5      | Found a staircase to the Ecumenical Temple.
  4283 | Temple   | Entered the Ecumenical Temple
  4412 | D:5      | HP: 1/56 [something (5)]
  4413 | D:5      | Slain by a scorpion

Skill      XL: |  1  2  3  4  5  6  7 |
---------------+----------------------+-----
Spellcasting   | 5 |  5.7
Invocations    | 1 2 3 |  3.0
Short Blades   | 1 2 |  2.6
Long Blades    | 1 2 |  2.6
Axes           | 1 2 |  2.6
Maces & Flails | 1 2 |  2.6
Staves         | 1 2 |  2.6
Slings         | 1 2 |  2.6
Bows           | 1 2 |  2.6
Crossbows      | 1 2 |  2.6
Throwing       | 1 2 |  2.6
Stealth        | 1 2 |  2.6
Shields        | 1 2 |  2.6
Unarmed Combat | 1 2 |  2.6
Evocations     | 1 2 |  2.6
Conjurations   | 1 2 |  2.1
Hexes          | 1 2 |  2.1
Summonings     | 1 2 |  2.1
Necromancy     | 1 2 |  2.1
Translocations | 1 2 |  2.1
Transmutations | 1 2 |  2.1
Fire Magic     | 1 2 |  2.1
Ice Magic      | 1 2 |  2.1
Air Magic      | 1 2 |  2.1
Earth Magic    | 1 2 |  2.1
Poison Magic   | 1 2 |  2.1
Armour         | 3 |  3.7
Fighting       | 5 |  5.3
Polearms       | 5 |  5.3
Dodging        | 5 |  5.3
Charms         | |  5.9

Action                   |  1- 3 |  4- 6 |  7- 9 || total
-------------------------+-------+-------+-------++-------
Melee: Spear             |   133 |   407 |   168 ||   708
       Bite              |    10 |    45 |    24 ||    79
 Cast: Regeneration      |       |     2 |       ||     2
       Spectral Weapon   |       |     1 |     2 ||     3
 Stab: Sleeping          |     1 |       |     1 ||     2
  Eat: Chunk             |       |     9 |     4 ||    13
Armor: Leather armour    |    33 |    80 |    36 ||   149
Dodge: Dodged            |    64 |   131 |    55 ||   250
Block: Shield            |    14 |   149 |    56 ||   219
